Cogmind - Beta 16.1 @@@ ROGUE MODE // 2026.02.27 @ 23:14:36 Player: DS-RVS Result: Destroyed by S-43 Plague with Heavy Machine Gun Performance ------------- Evolutions (8) 4000 Regions Visited (14) 2800 Robots Destroyed (100) 500 Value Destroyed (2281) 2281 Prototype IDs (10) 200 Alien Tech Used (0) 0 Bonus (775) 775 TOTAL SCORE: 10556 Bonus ------- High Alert Combat Kills 45 Follower Combat Kills 230 Entered DSFs 500 Cogmind --------- Core Integrity 0/1450 Matter 263/300 Energy 69/100 System Corruption 8% Temperature Cool (9) Movement Core (50) Location -2/Research Parts ------- > --- POWER (2) -------- (None) > --- PROPULSION (8) --- (None) > --- UTILITY (10) ----- Enhanced Optical Array Improved Signal Interpreter Advanced Terrain Scan Processor Experimental Core Analyzer Improved Power Shielding > --- WEAPON (3) ------- (None) > --- INVENTORY (5) ---- Quantum Reactor Light Quantum Reactor Experimental Matter Compressor (0) Improved Transmission Jammer Enhanced Hardcell Cannon Peak State ------------ > --- POWER ------------ Light Quantum Reactor Light Quantum Reactor > --- PROPULSION ------- Improved Cesium-ion Thruster Improved Cesium-ion Thruster Impulse Thruster Array Impulse Thruster Array Cooled Q-thruster > --- UTILITY ---------- Advanced Cooling System Experimental Matter Compressor Enhanced Optical Array Improved Signal Interpreter Advanced Terrain Scan Processor Experimental Core Analyzer Improved Transmission Jammer Advanced Reaction Control System Graphene Brace System Shield > --- WEAPON ----------- Enhanced Hardcell Cannon > --- INVENTORY -------- (None) [Rating: 139] Favorites ----------- Power Enhanced Nuclear Core Engine Light Ion Engine Power Core Enhanced Nuclear Core Reactor Micro Antimatter Reactor Propulsion Compact Wheel Treads Light Treads Leg Aluminum Leg Wheel Compact Wheel Hover Unit Aerolev Unit Flight Unit Improved VTOL Module Utility Improved Signal Interpreter Device Improved Sensor Array Storage High-capacity Storage Unit Processor Improved Signal Interpreter Hackware System Shield Protection Hardened Medium Armor Plating Weapon Greatsword Energy Gun Pulse Rifle Energy Cannon Compact Ion Cannon Ballistic Gun Enhanced Coil Gun Ballistic Cannon Light Cannon Launcher Heavy Missile Launcher Slashing Weapon Greatsword Piercing Weapon Lance Special Melee Weapon Advanced Datajack Build | -11 -10 -9 -8 -7 -7 -7 -6 -5 -5 -4 -4 -4 -3 -2 ------- Run | Yrd Mat Mat Mat Fac Was Fac Fac Fac DSF Fac Upp Upp Res Res Slots Evolved 16 | . . 2 2 2 . . 2 2 . 2 . . 2 2 Power 1 | . . . . . . . . . . 1 . . . . Propulsion 6 | . . 1 1 . . . 1 2 . . . . . 1 Utility 8 | . . 1 1 1 . . 1 . . 1 . . 2 1 Weapon 1 | . . . . 1 . . . . . . . . . . Parts Attached 121 | 7 6 4 18 43 . 4 1 3 2 2 4 . 10 17 Power 21 | 1 1 1 2 8 . 1 . . . . 1 . 2 4 Engine 7 | 1 . 1 2 3 . . . . . . . . . . Core 8 | . 1 . . 5 . 1 . . . . 1 . . . Reactor 6 | . . . . . . . . . . . . . 2 4 Propulsion 37 | 2 . 2 6 10 . 3 1 2 1 1 . . 4 5 Treads 3 | 2 . . 1 . . . . . . . . . . . Leg 2 | . . 2 . . . . . . . . . . . . Wheel 10 | . . . 5 5 . . . . . . . . . . Hover 3 | . . . . 1 . . . . . . . . . 2 Flight 19 | . . . . 4 . 3 1 2 1 1 . . 4 3 Utility 33 | 2 3 . 6 10 . . . 1 1 . 2 . 3 5 Device 17 | 1 2 . 3 5 . . . 1 . . 2 . 1 2 Storage 4 | 1 1 . 1 . . . . . . . . . 1 . Processor 4 | . . . 1 1 . . . . . . . . 1 1 Hackware 3 | . . . . 1 . . . . 1 . . . . 1 Protection 5 | . . . 1 3 . . . . . . . . . 1 Artifact . | . . . . . . . . . . . . . . . Weapon 30 | 2 2 1 4 15 . . . . . 1 1 . 1 3 Energy Gun 9 | 2 1 . 2 4 . . . . . . . . . . Energy Cannon 3 | . . . . 1 . . . . . . . . 1 1 Ballistic Gun 4 | . . 1 . 3 . . . . . . . . . . Ballistic Cannon 4 | . 1 . . 2 . . . . . . . . . 1 Launcher 1 | . . . . 1 . . . . . . . . . . Special Weapon . | . . . . . . . . . . . . . . . Impact Weapon . | . . . . . . . . . . . . . . . Slashing Weapon 7 | . . . 2 4 . . . . . . 1 . . . Piercing Weapon 1 | . . . . . . . . . . . . . . 1 Special Melee Weapon 1 | . . . . . . . . . . 1 . . . . Unidentified Prototypes 8 | . . . . 4 . 1 . . . . . . 1 2 Corrupted Parts 1 | . 1 . . . . . . . . . . . . . System Corruption 2 | . 2 . . . . . . . . . . . . . Parts Lost 70 | . 3 11 . 20 . . . . 6 3 . . 6 21 Power 11 | . 1 2 . 3 . . . . 1 . . . 1 3 Propulsion 28 | . . 4 . 7 . . . . 2 1 . . 2 12 Utility 17 | . . 2 . 5 . . . . 1 2 . . 2 5 Weapon 14 | . 2 3 . 5 . . . . 2 . . . 1 1 Highest Loss Streak 12 | . 2 10 . 12 . . . . 6 3 . . 4 12 To Critical Strikes . | . . . . . . . . . . . . . . . Average Backups 11 | 4 7 6 12 16 5 4 4 1 1 3 4 5 2 1 Power 1 | . 1 . 2 2 1 . . . . . . . . . Propulsion 1 | 2 3 1 . 1 . 1 3 1 1 3 4 5 2 . Utility 3 | . 2 4 3 6 3 1 . . . . . . . . Weapon 3 | . 1 . 5 5 1 . 1 . . . . . . . Tool/Special . | . . . . . . . . . . . . . . . Unused Backups 29 | . 2 . . 21 . 6 . . . . . . . . Power 7 | . . . . 6 . 1 . . . . . . . . Propulsion 4 | . 2 . . 2 . . . . . . . . . . Utility 11 | . . . . 6 . 5 . . . . . . . . Weapon 7 | . . . . 7 . . . . . . . . . . Tool/Special . | . . . . . . . . . . . . . . . Average Slot Usage (%) 83 | . 99 66 82 85 76 82 80 88 79 53 65 73 67 70 Engine 2 | . 8 2 6 1 . . . . . . . . . . Core 4 | . 5 7 . 5 7 7 6 5 3 . 2 5 . . Treads 3 | . 28 13 3 . . . . . . . . . . . Wheel 12 | . . . 24 19 . . . . . . . . . . Flight 8 | . . . . 3 23 28 33 39 36 26 26 26 25 23 Device 12 | . 14 17 15 9 15 15 13 14 12 8 11 15 12 14 Storage 5 | . 14 8 6 6 . . . . . . . . 2 3 Processor 7 | . . . 3 7 15 15 13 11 11 10 10 10 10 14 Hackware 4 | . . . . 6 7 7 6 5 6 7 5 5 . . Protection 2 | . . . 3 3 . . . . . . . . . 1 Energy Gun 5 | . 18 6 6 5 . . . . . . . . . . Energy Cannon 1 | . . . . 2 . . . . . . . . . 1 Ballistic Gun 1 | . . 4 . 3 . . . . . . . . . . Ballistic Cannon 1 | . 9 3 . . . . . . . . . . . . Slashing Weapon 4 | . . . 10 3 7 7 6 5 1 . 4 5 4 2 Peak Build Rating 139 | 7 12 13 23 58 45 56 56 75 75 69 83 83 98 139 Average Rating 38 | 5 9 8 17 39 45 49 56 72 62 65 77 83 81 106 On Entrance 47 | . 7 12 . 23 45 45 52 56 75 60 67 83 83 98 Avg Prop Armor Cover (%) 13 | . . 25 8 1 . . . 4 7 28 27 . 8 . Naked Turns 26 | . . 20 6 . . . . . . . . . . . Heaviest Build 68 | 15 51 52 59 68 15 22 15 23 23 2 20 20 35 46 Greatest Support 64 | 40 40 40 64 64 16 23 29 41 41 32 47 47 49 58 Greatest Overweight (x) 6 | 1 1 2 3 6 . . . . . . . . . 1 Average Overweight (x) . | . . . . . . . . . . . . . . . Largest Inventory Capacity 20 | 8 20 20 20 20 5 5 5 5 5 5 5 5 5 5 Average Capacity 13 | 7 9 16 16 18 5 5 5 5 5 5 5 5 5 5 Most Carried 20 | 7 9 8 20 20 5 5 4 3 4 5 5 5 5 5 Average Carried 11 | 4 7 6 12 17 5 4 4 1 1 3 4 5 2 2 Final Capacity 20 | 8 20 5 20 5 5 5 5 5 5 5 5 5 5 5 Final Carried 20 | 7 9 5 20 5 5 5 4 1 4 4 5 5 . 5 Class Distribution -------------------- 40% | Mutant 26% | Scavenger-Mutant 17% | Scout 5% | Sprinter 3% | Scavenger-Tank 3% | Ninja Dominant Class ---------------- Mutant | -10/Materials Mutant | -9/Materials Scavenger-Mutant | -8/Materials Mutant | -7/Factory Scout | -7/Waste Scout | -7/Factory Scout | -6/Factory Scout | -5/Factory Sprinter | -5/DSF Mutant | -4/Factory Sprinter | -4/Upper Caves Sprinter | -4/Upper Caves Sprinter | -3/Research Mutant | -2/Research Resources | -11 -10 -9 -8 -7 -7 -7 -6 -5 -5 -4 -4 -4 -3 -2 ----------- Run | Yrd Mat Mat Mat Fac Was Fac Fac Fac DSF Fac Upp Upp Res Res Matter Collected 2191 | 270 171 24 210 917 . 320 . . 40 15 55 . 18 151 Remotely . | . . . . . . . . . . . . . . . Salvage Created 3452 | 123 376 60 474 1525 . 401 . . . . 163 161 18 151 Parts 211 | 8 25 4 29 102 . 27 . . . . 7 . 1 8 Haulers Intercepted 7 | . 1 . . 2 . 4 . . . . . . . . Recyclers Shooed 6 | 1 . . 2 3 . . . . . . . . . . Parts Field Recycled . | . . . . . . . . . . . . . . . Retrieved Matter . | . . . . . . . . . . . . . . . Parts Self-Destructed . | . . . . . . . . . . . . . . . Prevented . | . . . . . . . . . . . . . . . Parts Restored . | . . . . . . . . . . . . . . . Kills | -11 -10 -9 -8 -7 -7 -7 -6 -5 -5 -4 -4 -4 -3 -2 ------- Run | Yrd Mat Mat Mat Fac Was Fac Fac Fac DSF Fac Upp Upp Res Res Combat Hostiles Destroyed 46 | . 10 1 6 25 . 4 . . . . . . . . Melee 5 | . . . 2 3 . . . . . . . . . . Guns 26 | . 5 1 4 16 . . . . . . . . . . Cannons 9 | . 5 . . 4 . . . . . . . . . . AOE 4 | . . . . . . 4 . . . . . . . . Classes Destroyed 14 | 2 5 1 2 3 . . . . . . 1 . . . Worker 17 | . . . 2 8 . 2 . . . . . . 1 4 Builder 6 | . . . 1 4 . 1 . . . . . . . . Tunneler 4 | 2 . . . 1 . . . . . . . . . 1 Hauler 7 | . 1 . . 2 . 4 . . . . . . . . Recycler 10 | 1 . . 4 4 . 1 . . . . . . . . Operator 3 | . 1 . . . . 2 . . . . . . . . Watcher 7 | . 2 . . 4 . . . . . . . . . 1 Swarmer 17 | . 3 . 4 10 . . . . . . . . . . Grunt 15 | . 7 . 1 3 . 4 . . . . . . . . Sentry 3 | . . 1 1 1 . . . . . . . . . . Specialist 2 | . . . . 2 . . . . . . . . . . Hunter 3 | . . . . 3 . . . . . . . . . . Programmer 6 | . . . . 6 . . . . . . . . . . Decomposer 2 | . . . . . . . . . . . 2 . . . Packrat 2 | . . . . . . . . . . . . 2 . . Samaritan 3 | . . . . . . . . . . . 3 . . . Best Kill Streak 13 | 3 3 1 4 13 . 7 . . . . . . 1 5 Combat Bots Only 5 | . 3 1 4 5 . 4 . . . . . . . . Max Kills in Single Turn 4 | 1 1 1 1 4 . 2 . . . . 1 1 1 1 Gunslinging . | . . . . . . . . . . . . . . . Exploded 2 | . . . . . . 2 . . . . . . . . Melee 1 | . . . 1 1 . . . . . . . . . . Uniques/NPCs Destroyed . | . . . . . . . . . . . . . . . Combat | -11 -10 -9 -8 -7 -7 -7 -6 -5 -5 -4 -4 -4 -3 -2 -------- Run | Yrd Mat Mat Mat Fac Was Fac Fac Fac DSF Fac Upp Upp Res Res Hostile Shots Fired 926 | . 60 75 27 288 . 48 . . 40 53 2 . 44 289 Missed 339 | . 9 18 8 70 . 29 . . 19 29 1 . 21 135 Hits 587 | . 51 57 19 218 . 19 . . 21 24 1 . 23 154 Melee 2 | . . . . . . . . . 2 . . . . . Projectile 585 | . 51 57 19 218 . 19 . . 19 24 1 . 23 154 AOE 5 | . . . . 3 . . . . 2 . . . . . Critical Strikes 15 | . . 1 . 4 . 1 . . . 2 1 . . 6 Actively Blocked 6 | . . . . . . . . . . . . . . 6 Part Disruptions 2 | . . . . 2 . . . . . . . . . . Damage Taken 10538 | . 585 857 225 3573 . 304 . . 467 479 27 . 348 3673 Core 2714 | . 32 303 61 492 . 50 . . 82 135 27 . 74 1458 Absorbed by Shields . | . . . . . . . . . . . . . . . Redirected to Shielding 59 | . . . . . . . . . . . . . . 59 Core Remaining (%) 76 | 100 87 24 88 . . 22 100 . 91 . . 85 94 . Volleys Fired 186 | 12 43 19 9 82 . 7 . . . . . . 1 13 Largest 3 | 1 2 2 2 3 . 1 . . . . . . 1 1 Hottest 166 | 50 90 60 126 166 . 39 . . . . . . 94 120 Shots Fired 352 | 12 86 26 15 192 . 7 . . . . . . 1 13 Gun 257 | 12 57 26 15 147 . . . . . . . . . . Cannon 87 | . 29 . . 44 . . . . . . . . 1 13 Launcher 8 | . . . . 1 . 7 . . . . . . . . Special . | . . . . . . . . . . . . . . . Kinetic 130 | . 29 19 . 80 . . . . . . . . . 2 Thermal 174 | 12 25 . 15 111 . . . . . . . . . 11 Explosive 8 | . . . . 1 . 7 . . . . . . . . Electromagnetic 40 | . 32 7 . . . . . . . . . . 1 . Robot Hit Streak 19 | 6 8 19 5 14 . 6 . . . . . . . 1 Robot Miss Streak 6 | 1 3 1 1 6 . . . . . . . . . 2 Penetration Max 1 | . . . . 1 . . . . . . . . . . Secondary Targets 2 | . . . . 2 . . . . . . . . . . Max Gunslinging Chain 1 | . . . . 1 . . . . . . . . . . Shots Hit Robots 271 | 9 53 22 21 132 . 14 . . 1 1 6 2 1 9 Core Hits 136 | 4 19 6 12 65 . 17 . . . . 5 1 1 6 Critical Kills 4 | . . . . 3 . . . . . . . . . 1 Critical Parts Destroyed 3 | . . 1 . 2 . . . . . . . . . . Critical Strikes 14 | 1 1 1 . 10 . . . . . . . . . 1 Burn 4 | 1 1 . . 2 . . . . . . . . . . Meltdown 3 | . . . . 2 . . . . . . . . . 1 Destroy 4 | . . 1 . 3 . . . . . . . . . . Sever 3 | . . . . 3 . . . . . . . . . . Melee Attacks 98 | . . . 17 40 . 16 1 1 1 1 6 2 3 10 Impact . | . . . . . . . . . . . . . . . Slashing 93 | . . . 17 40 . 16 1 1 1 . 6 2 3 6 Piercing 4 | . . . . . . . . . . . . . . 4 Sneak Attacks 32 | . . . 7 4 . 6 . . 1 1 6 2 1 4 Combat Hostiles . | . . . . . . . . . . . . . . . Follow-up Attacks . | . . . . . . . . . . . . . . . Damage Inflicted 9329 | 113 797 231 793 4634 . 1806 . . 125 . 306 101 50 373 Guns 2897 | 113 401 204 150 2029 . . . . . . . . . . Cannons 1114 | . 396 . . 673 . . . . . . . . . 45 Explosions 1712 | . . 27 . 813 . 872 . . . . . . . . Melee 3606 | . . . 643 1119 . 934 . . 125 . 306 101 50 328 Ramming . | . . . . . . . . . . . . . . . Kinetic 1668 | . 396 129 . 1143 . . . . . . . . . . Thermal 2190 | 113 149 27 150 1559 . 147 . . . . . . . 45 Explosive 1538 | . . . . 813 . 725 . . . . . . . . Electromagnetic 327 | . 252 75 . . . . . . . . . . . . Impact . | . . . . . . . . . . . . . . . Slashing 3551 | . . . 643 1119 . 934 . . 125 . 306 101 50 273 Piercing 55 | . . . . . . . . . . . . . . 55 Highest Corruption 11 | . 2 . . 11 7 7 . . . . . . . 8 Average Corruption 7 | . 2 . . 8 7 7 . . . . . . . 4 Corruption Purged 4 | . . . . 4 . . . . . . . . . . Corruption Blocked . | . . . . . . . . . . . . . . . Effects 104 | . 2 . . 73 5 20 . . . . . . . 4 Message Errors 25 | . . . . 16 1 6 . . . . . . . 2 Matter Fused 25 | . 1 . . 18 1 5 . . . . . . . . Heat Flow Errors 12 | . . . . 9 . 2 . . . . . . . 1 Energy Discharges 11 | . . . . 9 1 . . . . . . . . 1 Parts Fused 1 | . . . . . . 1 . . . . . . . . Data Loss (minor) 16 | . . . . 12 2 2 . . . . . . . . Data Loss (major) 4 | . . . . 2 . 2 . . . . . . . . Misfires 5 | . . . . 4 . 1 . . . . . . . . Alerts 3 | . 1 . . 2 . . . . . . . . . . Weapon Failures 2 | . . . . 1 . 1 . . . . . . . . Overload Shots . | . . . . . . . . . . . . . . . Overflow Damage 860 | . . 25 104 374 . 278 . . . . 27 37 . 15 Projectiles . | . . . . . . . . . . . . . . . Explosions 146 | . . 25 . 76 . 45 . . . . . . . . Melee 714 | . . . 104 298 . 233 . . . . 27 37 . 15 Knockbacks 5 | . 2 . . 3 . . . . . . . . . . Impact . | . . . . . . . . . . . . . . . Kinetic 5 | . 2 . . 3 . . . . . . . . . . Secondary . | . . . . . . . . . . . . . . . Self-Inflicted Damage 132 | . . 44 . . . 88 . . . . . . . . Shots 4 | . . 1 . . . 3 . . . . . . . . Rammed . | . . . . . . . . . . . . . . . Targets Rammed . | . . . . . . . . . . . . . . . Kicked . | . . . . . . . . . . . . . . . Crushed . | . . . . . . . . . . . . . . . Highest Temperature 276 | 70 268 10 66 276 . 156 3 35 1 20 . . 18 125 Average Temperature 79 | 27 95 4 26 95 . 60 2 17 1 20 . . 10 46 Received Heat Transfer 1453 | . 282 321 63 243 . 75 . . 96 154 . . 39 180 Effects 1 | . 1 . . . . . . . . . . . . . Energy Bleed 1 | . 1 . . . . . . . . . . . . . Siege Activations . | . . . . . . . . . . . . . . . Martial Activations . | . . . . . . . . . . . . . . . Shielding Activations . | . . . . . . . . . . . . . . . Robots Disrupted . | . . . . . . . . . . . . . . . Combat Hostiles . | . . . . . . . . . . . . . . . Robots Corrupted . | . . . . . . . . . . . . . . . Combat Hostiles . | . . . . . . . . . . . . . . . Parts Fried 1 | . 1 . . . . . . . . . . . . . Impact Corruptions . | . . . . . . . . . . . . . . . Robots Melted 3 | . . . . 2 . . . . . . . . . 1 Combat Hostiles 2 | . . . . 2 . . . . . . . . . . Parts Melted 7 | . 1 . . 6 . . . . . . . . . . Heat Transferred 4529 | 407 518 50 333 3084 . 100 . . . . . . . 37 Parts Sabotaged . | . . . . . . . . . . . . . . . Parts Stolen . | . . . . . . . . . . . . . . . Parts Stripped . | . . . . . . . . . . . . . . . Power Chain Reactions 1 | . . 1 . . . . . . . . . . . . Alert | -11 -10 -9 -8 -7 -7 -7 -6 -5 -5 -4 -4 -4 -3 -2 ------- Run | Yrd Mat Mat Mat Fac Was Fac Fac Fac DSF Fac Upp Upp Res Res Maximum Alert Level 2 | . . . . 2 . 2 1 . . . . . . 2 Low Security (%) 83 | 100 100 100 100 82 100 34 . 100 100 100 . . 100 58 Level 1 12 | . . . . 16 . 36 100 . . . . . . 17 Level 2 4 | . . . . 1 . 29 . . . . . . . 24 Level 3 . | . . . . . . . . . . . . . . . Level 4 . | . . . . . . . . . . . . . . . Level 5 . | . . . . . . . . . . . . . . . High Security . | . . . . . . . . . . . . . . . Max Security . | . . . . . . . . . . . . . . . Peak Influence 615 | 10 93 30 130 445 155 615 297 149 104 23 . . 60 614 Initial 296 | . . 18 5 . 155 31 296 144 104 23 . . . 27 Average 128 | 1 50 6 38 150 103 306 296 143 72 8 . . 22 226 Influence Increases 4226 | 15 312 47 250 1417 . 1197 1 15 . 15 . . 95 862 Destroy 0b10 Robot/C 1420 | . 200 20 120 500 . 580 . . . . . . . . Destroy 0b10 Robot/NC 270 | 15 20 . 35 115 . 50 . . . . . . 5 30 Destroy Leader 308 | . 46 10 20 132 . 98 . . . . . . . 2 Allied During Kill 154 | . . . . . . 154 . . . . . . . . Successful Hack 112 | . . . 14 21 . 36 . . . . . . . 41 Select Force Hacks 30 | . . . . 30 . . . . . . . . . . Disable Machine 195 | . 45 . 15 75 . 45 . 15 . . . . . . Destroy Structure 237 | . 1 2 1 109 . 84 1 . . . . . . 39 Partial Spotted 165 | . . . . . . 90 . . . . . . 15 60 Lose Combat Pursuer 1335 | . . 15 45 435 . 60 . . . 15 . . 75 690 Influence Decreases 3697 | 15 267 77 265 974 398 636 310 163 105 54 5 . 45 383 Entered New Map 894 | . . 27 10 . 288 14 310 153 45 21 3 . . 23 Time Decay 1753 | 15 237 20 255 624 110 262 . 10 . 23 2 . 45 150 Lost Part 540 | . 30 30 . 200 . . . . 60 10 . . . 210 Lost Ally 360 | . . . . . . 360 . . . . . . . . Purge Threat 150 | . . . . 150 . . . . . . . . . . Squads Dispatched 32 | . 2 . . 14 . 8 . . 1 1 . . . 6 Investigation 10 | . 1 . . 5 . 3 . . . . . . . 1 Extermination 10 | . . . . 5 . 2 . . . . . . . 3 Reinforcement 12 | . 1 . . 4 . 3 . . 1 1 . . . 2 Assault . | . . . . . . . . . . . . . . . Garrison . | . . . . . . . . . . . . . . . Intercept . | . . . . . . . . . . . . . . . Searches Triggered . | . . . . . . . . . . . . . . . Construction Impeded 2 | . . . . 1 . 1 . . . . . . . . Haulers Reinforced 2 | . . . . 1 . 1 . . . . . . . . Active Scanning Responses . | . . . . . . . . . . . . . . . Cargo Convoy Interrupts 1 | . . . . 1 . . . . . . . . . . Stealth | -11 -10 -9 -8 -7 -7 -7 -6 -5 -5 -4 -4 -4 -3 -2 --------- Run | Yrd Mat Mat Mat Fac Was Fac Fac Fac DSF Fac Upp Upp Res Res Distress Signals 10 | . 1 1 . 6 . . . . . 1 . . . 1 Communications Jammed . | . . . . . . . . . . . . . . . Distress Signals . | . . . . . . . . . . . . . . . Times Spotted 210 | . 15 10 12 61 . 15 . . 5 11 1 . 7 73 Peak Tracking Total 20 | . 5 8 4 11 . 6 . . 6 12 1 . 5 20 Tactical Retreats 32 | . . 1 2 14 . 3 . . . 1 . . 3 8 Traps | -11 -10 -9 -8 -7 -7 -7 -6 -5 -5 -4 -4 -4 -3 -2 ------- Run | Yrd Mat Mat Mat Fac Was Fac Fac Fac DSF Fac Upp Upp Res Res Traps Triggered 10 | . 1 . . 5 . 1 . . . . . . 1 2 Indirectly . | . . . . . . . . . . . . . . . Trap Hack Attempts . | . . . . . . . . . . . . . . . Triggered . | . . . . . . . . . . . . . . . Disarmed . | . . . . . . . . . . . . . . . Reprogrammed . | . . . . . . . . . . . . . . . Reused . | . . . . . . . . . . . . . . . Traps Extracted . | . . . . . . . . . . . . . . . Installed . | . . . . . . . . . . . . . . . Triggered . | . . . . . . . . . . . . . . . Machines | -11 -10 -9 -8 -7 -7 -7 -6 -5 -5 -4 -4 -4 -3 -2 ---------- Run | Yrd Mat Mat Mat Fac Was Fac Fac Fac DSF Fac Upp Upp Res Res Machines Disabled 13 | . 3 . 1 5 . 3 . 1 . . . . . . Max in Single Turn 4 | . 1 . 1 4 . 2 . 1 . . . . . . Machines Repaired . | . . . . . . . . . . . . . . . Machines Dismantled . | . . . . . . . . . . . . . . . Machines Sabotaged . | . . . . . . . . . . . . . . . Overloaded Fab Kills . | . . . . . . . . . . . . . . . Hacking | -11 -10 -9 -8 -7 -7 -7 -6 -5 -5 -4 -4 -4 -3 -2 --------- Run | Yrd Mat Mat Mat Fac Was Fac Fac Fac DSF Fac Upp Upp Res Res Machines Accessed 34 | . 1 . 2 12 . 11 . 1 . . 1 . 1 5 Terminals 22 | . 1 . 1 6 . 9 . 1 . . . . . 4 Fabricators 5 | . . . . 4 . 1 . . . . . . . . Repair Stations . | . . . . . . . . . . . . . . . Recycling Units 2 | . . . . 1 . 1 . . . . . . . . Scanalyzers 3 | . . . 1 1 . . . . . . . . . 1 Garrison Access 1 | . . . . . . . . . . . . . 1 . Total Hacks 83 | . 2 . 3 32 . 32 . 3 . . 1 . 2 8 Successful 36 | . . . 1 18 . 11 . 1 . . 1 . . 4 Failed 47 | . 2 . 2 14 . 21 . 2 . . . . 2 4 Catastrophic 14 | . . . . 8 . 5 . . . . . . . 1 Database Lockouts . | . . . . . . . . . . . . . . . Manual 31 | . . . . 14 . 17 . . . . . . . . Terminals 52 | . 2 . 1 16 . 24 . 3 . . . . . 6 Fabricators 18 | . . . . 12 . 6 . . . . . . . . Repair Stations . | . . . . . . . . . . . . . . . Recycling Units 5 | . . . . 3 . 2 . . . . . . . . Scanalyzers 5 | . . . 2 1 . . . . . . . . . 2 Garrison Access 2 | . . . . . . . . . . . . . 2 . Terminal Hacks 16 | . . . 1 5 . 5 . 1 . . 1 . . 3 Record 4 | . . . . 1 . . . . . . . . . 3 Part Schematic 1 | . . . . 1 . . . . . . . . . . Open Door 1 | . . . . . . . . . . . 1 . . . Open DSF 2 | . . . . . . 1 . 1 . . . . . . Alert Level 1 | . . . . 1 . . . . . . . . . . Unreport Threat 1 | . . . . 1 . . . . . . . . . . Locate Traps 2 | . . . . . . 2 . . . . . . . . Recall Reinforcements 1 | . . . . 1 . . . . . . . . . . Hauler Manifests 1 | . . . 1 . . . . . . . . . . . Zone Layout 2 | . . . . . . 2 . . . . . . . . Fabricator Hacks 10 | . . . . 8 . 2 . . . . . . . . Network Status 1 | . . . . 1 . . . . . . . . . . Load Schematic 5 | . . . . 4 . 1 . . . . . . . . Build 4 | . . . . 3 . 1 . . . . . . . . Repair Station Hacks . | . . . . . . . . . . . . . . . Recycling Unit Hacks 1 | . . . . 1 . . . . . . . . . . Retrieve Components 1 | . . . . 1 . . . . . . . . . . Scanalyzer 2 | . . . . 1 . . . . . . . . . 1 Insert Component 1 | . . . . 1 . . . . . . . . . . Retrieve Study 1 | . . . . . . . . . . . . . . 1 Garrison Access Hacks . | . . . . . . . . . . . . . . . Unauthorized Hacks 7 | . . . . 3 . 4 . . . . . . . . Terminals 5 | . . . . 2 . 3 . . . . . . . . Botnet 5 | . . . . 2 . 3 . . . . . . . . Fabricators 1 | . . . . . . 1 . . . . . . . . Prioritize 1 | . . . . . . 1 . . . . . . . . Repair Stations . | . . . . . . . . . . . . . . . Recycling Units 1 | . . . . 1 . . . . . . . . . . Tunnel 1 | . . . . 1 . . . . . . . . . . Scanalyzers . | . . . . . . . . . . . . . . . Garrison Access . | . . . . . . . . . . . . . . . Data Cores Recovered 1 | . . . . . . 1 . . . . . . . . Used 1 | . . . . . . 1 . . . . . . . . Hacking Detections 27 | . 1 . 2 9 . 9 . . . . . . 1 5 Full Trace Events 6 | . . . . 3 . 3 . . . . . . . . Feedback Events . | . . . . . . . . . . . . . . . Feedback Blocked . | . . . . . . . . . . . . . . . Robot Schematics Acquired . | . . . . . . . . . . . . . . . Robots Built . | . . . . . . . . . . . . . . . Authchips . | . . . . . . . . . . . . . . . Time . | . . . . . . . . . . . . . . . Total Robot Build Rating . | . . . . . . . . . . . . . . . Part Schematics Acquired 1 | . . . . 1 . . . . . . . . . . Parts Built 4 | . . . . 3 . 1 . . . . . . . . Authchips . | . . . . . . . . . . . . . . . Time 406 | . . . . 348 . 58 . . . . . . . . Total Part Build Rating 12 | . . . . 9 . 3 . . . . . . . . Part Studies Acquired 1 | . . . . . . . . . . . . . . 1 Parts Repaired . | . . . . . . . . . . . . . . . Time . | . . . . . . . . . . . . . . . Parts Recycled . | . . . . . . . . . . . . . . . Recycled Matter . | . . . . . . . . . . . . . . . Retrieved Matter . | . . . . . . . . . . . . . . . Retrieved Components . | . . . . . . . . . . . . . . . Parts Scanalyzed . | . . . . . . . . . . . . . . . Part Schematics Acquired . | . . . . . . . . . . . . . . . Parts Damaged . | . . . . . . . . . . . . . . . Bothacking | -11 -10 -9 -8 -7 -7 -7 -6 -5 -5 -4 -4 -4 -3 -2 ------------ Run | Yrd Mat Mat Mat Fac Was Fac Fac Fac DSF Fac Upp Upp Res Res Used RIF Installer . | . . . . . . . . . . . . . . . Robots Hacked 1 | . . . . . . . . . . 1 . . . . Non-combat 1 | . . . . . . . . . . 1 . . . . Combat . | . . . . . . . . . . . . . . . Robot Hacks Applied 1 | . . . . . . . . . . 1 . . . . no_distress 1 | . . . . . . . . . . 1 . . . . Relay Couplers Released 7 | . . . . 7 . . . . . . . . . . Programmers 7 | . . . . 7 . . . . . . . . . . Fabnet Peak Effective % . | . . . . . . . . . . . . . . . Robots Rewired . | . . . . . . . . . . . . . . . Allies Hacked . | . . . . . . . . . . . . . . . Hacks Repelled . | . . . . . . . . . . . . . . . Allies | -11 -10 -9 -8 -7 -7 -7 -6 -5 -5 -4 -4 -4 -3 -2 -------- Run | Yrd Mat Mat Mat Fac Was Fac Fac Fac DSF Fac Upp Upp Res Res Total Allies 20 | . . . . . 20 . . . . . . . . . Largest Group 20 | . . . . . 20 20 . . . . . . . . Highest-Rated Group 433 | . . . . . 433 433 . . . . . . . . Highest-Rated Ally 31 | . . . . . 31 31 . . . . . . . . Total Orders . | . . . . . . . . . . . . . . . Ally Attacks 137 | . . . . . . 137 . . . . . . . . Total Damage 1779 | . . . . . . 1779 . . . . . . . . Kills 25 | . . . . . . 25 . . . . . . . . Allies Corrupted . | . . . . . . . . . . . . . . . Allies Melted 1 | . . . . . . 1 . . . . . . . . Intel | -11 -10 -9 -8 -7 -7 -7 -6 -5 -5 -4 -4 -4 -3 -2 ------- Run | Yrd Mat Mat Mat Fac Was Fac Fac Fac DSF Fac Upp Upp Res Res Active Infowar (turns) 4851 | 20 332 98 833 2065 223 575 19 30 24 59 85 35 145 308 Optics 346 | . . . . . . . . . . . . . 38 308 Sensors 4243 | . . . 833 2065 223 575 19 30 24 59 85 35 145 150 Terrain 1000 | . . . . 151 223 575 19 30 2 . . . . . Seismic 450 | 20 332 98 . . . . . . . . . . . . Jamming 2 | . . . . . . . . 2 . . . . . . Robot Analysis Total . | . . . . . . . . . . . . . . . Derelict Logs Recovered . | . . . . . . . . . . . . . . . Drone Launches . | . . . . . . . . . . . . . . . Drone Recoveries . | . . . . . . . . . . . . . . . Exploration | -11 -10 -9 -8 -7 -7 -7 -6 -5 -5 -4 -4 -4 -3 -2 ------------- Run | Yrd Mat Mat Mat Fac Was Fac Fac Fac DSF Fac Upp Upp Res Res Turns Passed 6023 | 137 598 127 925 2701 223 575 19 30 24 83 93 35 145 308 Spaces Moved 6659 | 60 256 70 742 2078 92 1459 66 69 71 191 241 116 304 844 Core 203 | 3 . 54 125 . . . . . . . . . . 21 Treads 384 | 57 256 15 56 . . . . . . . . . . . Legs 1 | . . 1 . . . . . . . . . . . . Wheels 1862 | . . . 561 1301 . . . . . . . . . . Hover 26 | . . . . 2 . . . . . . . . . 24 Flight 4183 | . . . . 775 92 1459 66 69 71 191 241 116 304 799 Fastest Speed 17 | 50 160 50 50 26 29 26 23 17 17 27 25 25 22 17 Average Speed 58 | 155 166 93 100 77 29 26 23 23 22 34 28 25 29 24 Slowest Speed 350 | 160 240 260 160 350 29 29 23 26 27 35 35 25 55 100 Overloaded Moves 34 | . . . . . . . . . 34 . . . . . Propulsion Burnouts . | . . . . . . . . . . . . . . . Robots Hopped 3 | . . . . 1 1 1 . . . . . . . . Potential Cave-ins . | . . . . . . . . . . . . . . . Cave-ins Triggered . | . . . . . . . . . . . . . . . Exploration Rate (%) 31 | 4 34 15 30 51 69 46 2 4 83 6 55 13 11 45 Regions Visited 14 Branch Regions 2 Pre-discovered Areas 1 | . . . . 1 . . . . . . . . . . Known Exits Taken 8 | . . . 1 . . 1 1 1 . 1 1 1 1 . Unknown Exits Taken 3 | 1 1 1 . . . . . . . . . . . . Scrap Searched 4 | . . . . . . . . . . . 4 . . . Spaces Dug 43 | . . . . 17 . 13 1 . . . . . . 12 Terrain Destroyed 254 | . . 2 . 115 . 122 1 . . . . . . 14 Melee 23 | . . . . 14 . 6 1 . . . . . . 2 Projectile 49 | . . . . 37 . . . . . . . . . 12 AOE 182 | . . 2 . 64 . 116 . . . . . . . . Terrain Rammed . | . . . . . . . . . . . . . . . Walls Destroyed . | . . . . . . . . . . . . . . . Machines Disabled . | . . . . . . . . . . . . . . . Actions | -11 -10 -9 -8 -7 -7 -7 -6 -5 -5 -4 -4 -4 -3 -2 --------- Run | Yrd Mat Mat Mat Fac Was Fac Fac Fac DSF Fac Upp Upp Res Res Total 8307 | 88 342 109 872 2944 286 1609 67 80 75 208 251 117 349 910 Wait 1049 | 3 32 15 61 588 196 105 . 6 . 10 . . 25 8 Move 6641 | 59 255 69 741 2076 89 1456 65 69 70 190 240 115 303 844 Hop 3 | . . . . 1 1 1 . . . . . . . . Pick Up 83 | 7 4 . 20 34 . 7 . . 1 3 1 . 1 5 Fast Attach 49 | 7 1 . 8 9 . 1 . 1 2 . 4 . 5 11 Attach 64 | . 2 5 3 31 . 2 1 3 . 3 . . 8 6 Detach 25 | . . 1 . 11 . 1 . . 1 1 . . 2 8 Swap 39 | . 3 . 10 21 . 4 . . . . . . . 1 Drop 66 | . 2 . 6 44 . 9 . . . . . . 1 4 Fire 186 | 12 43 19 9 82 . 7 . . . . . . 1 13 Melee 94 | . . . 14 39 . 16 1 1 1 1 6 2 3 10 Ram . | . . . . . . . . . . . . . . . Kick . | . . . . . . . . . . . . . . . Crush . | . . . . . . . . . . . . . . . Escape Stasis 8 | . . . . 8 . . . . . . . . . . Rewire . | . . . . . . . . . . . . . . . Trap . | . . . . . . . . . . . . . . . Miscellaneous . | . . . . . . . . . . . . . . . Route ------- -11/Scrapyard -10/Materials (discovered 2 exits: [*Mat] / [*Min]) -9/Materials (discovered 2 exits: *Mat / [*Sto]) -8/Materials -7/Factory -7/Waste -7/Factory -6/Factory -5/Factory -5/DSF -4/Factory -4/Upper Caves -4/Upper Caves -3/Research -2/Research (discovered 1 exit: [*Acc]) History --------- Turn | Location | Event 25 | -11/Scrapyard | Discovered new exit (range 15) 138 | -11/Scrapyard | Entered Materials 285 | -10/Materials | Discovered new exit (range 8) 310 | -10/Materials | Build established: Mutant 371 | -10/Materials | Discovered new exit (range 13) 736 | -10/Materials | Entered another Materials area 736 | -9/Materials | Evolved 2 slots: Propulsion x1, Utility x1 834 | -9/Materials | Core integrity fell below 50% 844 | -9/Materials | Discovered new exit (range 13) 859 | -9/Materials | Discovered new exit (range 9) 863 | -9/Materials | Entered another Materials area 863 | -8/Materials | Evolved 2 slots: Propulsion x1, Utility x1 874 | -8/Materials | Lost 10 parts (2p4n2u2w) 1195 | -8/Materials | Discovered new exit (range 4) 1372 | -8/Materials | Build established: Scavenger-Mutant 1787 | -8/Materials | Identified exit to Factory 1788 | -8/Materials | Entered Factory 1788 | -7/Factory | Evolved 2 slots: Utility x1, Weapon x1 2782 | -7/Factory | Lost 12 parts (2p3n2u5w) 2992 | -7/Factory | Cargo convoy interrupted 3347 | -7/Factory | Fabricated Imp. VTOL Module? 3401 | -7/Factory | System corruption reached 10% 3471 | -7/Factory | Build established: Mutant 3808 | -7/Factory | Fabricated Imp. VTOL Module? 4170 | -7/Factory | Core integrity fell below 50% 4223 | -7/Factory | Lost 4 parts (1p1n2u) 4378 | -7/Factory | Fabricated Imp. VTOL Module? 4470 | -7/Factory | Discovered new exit (range 12) 4489 | -7/Factory | Manually triggered Chute Trap 4489 | -7/Factory | Sucked down chute 4489 | -7/Factory | Entered Waste 4490 | -7/Waste | Joined by Warlord forces that had cleared the area 4511 | -7/Waste | Discovered new exit (range 16) 4516 | -7/Waste | Identified exit to Factory 4712 | -7/Waste | Entered Factory 4712 | -7/Factory | Accompanied by 20 allies 4741 | -7/Factory | Build established: Scout 4854 | -7/Factory | Fabricated Imp. VTOL Module (x1) 4930 | -7/Factory | Lost 9 allies 5283 | -7/Factory | Discovered new exit (range 13) 5287 | -7/Factory | Identified exit to Factory 5287 | -7/Factory | Entered another Factory area 5287 | -6/Factory | Evolved 2 slots: Propulsion x1, Utility x1 5294 | -6/Factory | Discovered new exit (range 5) 5298 | -6/Factory | Identified exit to Factory 5306 | -6/Factory | Entered another Factory area 5306 | -5/Factory | Evolved 2 slots: Propulsion x2 5336 | -5/Factory | Identified exit to DSF 5336 | -5/Factory | Entered DSF 5357 | -5/DSF | Additional patrols routed to DSF 5357 | -5/DSF | Discovered new exit (range 15) 5360 | -5/DSF | Identified exit to Factory 5360 | -5/DSF | Entered Factory 5360 | -4/Factory | Evolved 2 slots: Power x1, Utility x1 5385 | -4/Factory | Lost 6 parts (1p2n1u2w) 5441 | -4/Factory | Discovered new exit (range 5) 5442 | -4/Factory | Identified exit to Upper Caves 5443 | -4/Factory | Entered Upper Caves 5450 | -4/Upper Caves | Lost 3 parts (1n2u) 5513 | -4/Upper Caves | Entered an active Warlord outpost 5534 | -4/Upper Caves | Discovered new exit (range 8) 5536 | -4/Upper Caves | Identified exit to Upper Caves 5536 | -4/Upper Caves | Entered another Upper Caves area 5552 | -4/Upper Caves | Discovered new exit (range 8) 5559 | -4/Upper Caves | Identified exit to Research 5571 | -4/Upper Caves | Entered Research 5571 | -3/Research | Evolved 2 slots: Utility x2 5582 | -3/Research | Spotted B-86 Titan 5619 | -3/Research | Lost 4 parts (1p1n2u) 5691 | -3/Research | Discovered new exit (range 16) 5715 | -3/Research | Identified exit to Research 5716 | -3/Research | Entered another Research area 5716 | -2/Research | Evolved 2 slots: Propulsion x1, Utility x1 5874 | -2/Research | Spotted B-90 Cyclops 5891 | -2/Research | Found Prototype Processor 5891 | -2/Research | Identified Exp. Core Analyzer 5920 | -2/Research | Spotted B-90 Cyclops 5953 | -2/Research | Lost 12 parts (3p5n3u1w) 5959 | -2/Research | Spotted B-90 Cyclops 5999 | -2/Research | Core integrity fell below 50% 6008 | -2/Research | Core integrity fell below 20% 6019 | -2/Research | Discovered new exit (range 19) 6024 | -2/Research | Destroyed by S-43 Plague with Heavy Machine Gun Last Messages --------------- 05995_ Slug penetrates Wall. 05995_ Impulse Thruster Array destroyed. 05997_ Dropped Lance. 05998_ Slug penetrates Wall. 05998_ Penetrated by Slug. 06001_ Acquired Antigrav Array. 06001_ Penetrated by Slug. 06002_ Slug penetrates Wall. 06003_ Acquired Antigrav Array. 06005_ Penetrated by Slug. 06006_ Slug penetrates Wall. 06008_ Penetrated by Slug. 06008_ Antigrav Array destroyed. 06009_ Penetrated by Slug. 06018_ Antigrav Array destroyed. 06019_ EXIT=FOUND 06020_ Graphene Brace destroyed. 06020_ Knocked back. 06020_ Slug penetrates Wall. 06021_ System corrupted: Energy discharge (-19). Map ----- +----------------------------------------------------+ | ???????????????????????????????????# # | | ????????????????????????????######## ### | | ????????????????????????????# | | ????????????????????????????# !== | | ????????????????????????????# ! = / | | ????????????????????????????+ ! = | | ????????????????????????????# ################# | | ????????????????????????????# #????????#### % | | ????????????????????????????# #?????? # | | ????????????????????????????# #???? ?# | | ????????????????????????????# #??""""""???# | | ????????????????????????????# # """""""??# | | ????????????????????????????+ / """""""??# | | ????????????????????????????# # # | | ????????????????????????????# #??! # | | ????????????????????????????# ######+###### | | ????????????????????????????# #????##### | | ????????????????????????????# #????????? | | ????????????????????????????# #????????? | | ????????????????????????????# #????????? | | ????????????????????????????######## #????????? | | ???????????????????????????????????# #????????? | | ??????????????#?????????????######## #????????? | | ??????????????# ########## sssss #????????? | | ??????????????# Y ss #????????? | | ??????????????# < @ s #????????? | | ??????????????# ### #????????? | | ?????????????????????# ### H #????????? | | ?????????????????????# """ #?# #????????? | | ?????????????????????# """ #?# #????????? | | ?????????????????????# """ #?# ???????? | | ?????????????????????# #?# ?????? | | ?????????????????????# #?# ????? | | ?????????????????????+ #?# ??? | | ?????????????????????##+##########??###+########?? | | ?????????????????????????????????????????????????? | | ?????????????????????????????????????????????????? | | ?????????????????????????????????????????????????? | | ?????????????????????????????????????????????????? | | ?????????????????????????????????????????????????? | | ?????????????????????????????????????????????????? | | ?????????????????????????????????????????????????? | | ?????????????????????????????????????????????????? | | ?????????????????????????????????????????????????? | | ?????????????????????????????????????????????????? | | ?????????????????????????????????????????????????? | | ?????????????????????????????????????????????????? | | ?????????????????????????????????????????????????? | | ?????????????????????????????????????????????????? | | ?????????????????????????????????????????????????? | +----------------------------------------------------+ Best States ------------- Heat Dissipation 80 Coolant Potential 65 Energy Generation 45 Energy Capacity 440 Matter Stores 329 Matter Capacity 800 Sight Range 22 Robot Scan Range 16 Terrain Scan Range 16 Terrain Scan Density 210 Jamming Range 14 Armor Coverage 225 Resistance: EM 15 Power Shielding 66 Evasion (%) 77 Core Analysis 8 Recoil Reduction 2 Defensive Hacking 10 Authchip Count 2 Item Schematics ----------------- Imp. VTOL Module | -7/Factory | Hacked Robot Schematics ------------------ None Fabricated ------------ Imp. VTOL Module | x1 | -7/Factory Imp. VTOL Module | x1 | -7/Factory Imp. VTOL Module | x1 | -7/Factory Imp. VTOL Module | x1 | -7/Factory Repaired ---------- Nothing Studied --------- Enh. Nova Cannon | -2/Research | Hacked Alien Tech Used ----------------- None Achievements -------------- Express Service I Laugh At Your Crits We Are Legion Wheee! Challenges ------------ None Game ------ Seed MiningGravityCartridge Manual? 0 Play Time 01:31:09 Cumulative 44.9 hours Start 2026.02.27 @ 21:43:43 End 2026.02.27 @ 23:14:36 Sessions 1 Manual Loads 0 Difficulty Rogue Special Mode None Game No. 37 Rogue 37 Adventurer 0 Explorer 0 Win Type - Total 2 Types 2/0/0/0/0/0/0/0/0/0 Lore% 36 Gallery% 35 Achievement% 33 Wizard Run 0 Options --------- Layout 0 ASCII 1 Keyboard 1 Movement Numpad Keybinds 0 Fullscreen 1 Font 24/Cog Map View 76x50 Zoom Use 0% Tactical HUD 1 Map Filters NONE Filters NONE Steam 1 RUN: 9d9b3743-d99d-4c9b-9d39-5c286141a840